Map: Persephone LE

Players

dremora

  • Race: Zerg Zerg
  • League: Gold
  • Spawn Location: 7:00

KimChiLoVer - Winner!

  • Race: Terran Terran
  • League: Diamond
  • Spawn Location: 11:00

VOD

Have the link to the VOD?

Description

Time

  • Played on: Aug. 17, 2025, 5:18 p.m.
  • Length: 10:25
Show
View Real Time Build Order
Export as new Build Order

dremora Zerg 

Build Orders: Hatch First 

Get SALT Encoding   

  12  0:02  Drone  
  13  0:10  Drone  
  14  0:18  Extractor  
  14  0:20  Extractor, Drone  
  14  0:21  Drone  
  16  0:32  Overlord  
  16  0:51  Hatchery  
  15  0:59  Drone x2  
  15  1:00  Drone  
  18  1:15  Spawning Pool  
  17  1:21  Drone  
  18  1:26  Extractor  
  18  1:28  Drone  
  18  1:36  Overlord  
  18  2:03  Queen x2  
  18  2:04  Drone  
  18  2:05  Drone x3  
  26  2:20  Zergling x2  
  26  2:22  Zergling x2  
  28  2:29  Drone  
  29  2:53  Drone x3, Zergling x2  
  29  2:54  Zergling x2  
  36  3:00  Overlord  
  34  3:11  Zergling x4  
  34  3:12  Metabolic Boost  
  36  3:20  Evolution Chamber  
  36  3:21  Extractor, Zergling x6  
  36  3:22  Zergling x4  
  39  3:46  Zergling x4  
  39  3:47  Zergling x6  
  43  3:55  Zergling x2  
  44  3:58  Overlord  
  44  3:59  Overlord x2  
  44  4:15  Spore Crawler  
  43  4:19  Spore Crawler  
  43  4:24  Drone x4  
  44  4:27  Zerg Ground Armor Level 1  
  33  5:00  Zergling x8  
  33  5:01  Zergling x4  
  36  5:21  Baneling Nest  
  36  5:22  Overlord x2  
  35  5:30  Zergling x2  
  35  5:31  Zergling x10  
  35  5:33  Queen  
  35  5:34  Hatchery  
  44  5:39  Drone  
  43  5:43  Lair  
  43  5:45  Zergling x8  
  47  6:00  Overlord x3  
  47  6:02  Drone x2  
  49  6:31  Baneling x5  
  47  6:33  Zergling x18  
  56  6:58  Baneling x2  
  56  7:05  Baneling  
  56  7:10  Extractor  
  56  7:11  Drone x6  
  56  7:12  Extractor, Drone  
  56  7:15  Zergling x6  
  64  7:22  Baneling x3  
  64  7:23  Baneling  
  55  7:55  Zergling x12  
  55  7:56  Zergling x4  
  56  8:00  Baneling x3  
  56  8:01  Baneling x3  
  53  8:08  Hydralisk Den  
  53  8:12  Spawning Pool, Drone x2  
  53  8:13  Drone x3  
  43  8:30  Drone x2  
  43  8:31  Drone x3  
  48  8:41  Drone  
  47  9:03  Spore Crawler  
  47  9:06  Hydralisk x5  
  47  9:07  Hydralisk x4  
  47  9:09  Overseer  
  64  9:25  Overlord x3  
  64  9:42  Zergling x2  
  65  9:51  Zergling x2  
  65  9:52  Zergling x10  
  71  9:54  Spore Crawler  
Show
View Real Time Build Order
Export as new Build Order

KimChiLoVer Terran - Winner!

Build Orders: Reaper Expand 

Get SALT Encoding   

  12  0:00  SCV  
  13  0:14  SCV  
  14  0:22  Supply Depot  
  14  0:26  SCV  
  15  0:43  SCV  
  15  0:45  Barracks  
  16  0:50  Refinery  
  16  0:56  SCV  
  17  1:08  SCV  
  18  1:20  SCV  
  19  1:32  Orbital Command  
  19  1:34  Reaper  
  20  1:42  Command Center  
  20  1:54  Supply Depot  
  20  2:05  SCV  
  20  2:07  Refinery  
  21  2:11  Factory  
  21  2:22  Marine  
  21  2:27  Barracks  
  21  2:29  SCV  
  23  2:41  SCV  
  24  2:48  Barracks Reactor  
  23  2:53  SCV  
  23  2:56  Factory Tech Lab  
  24  2:59  Barracks  
  24  3:05  Orbital Command  
  24  3:19  Bunker  
  24  3:26  Marine x2  
  26  3:28  SCV  
  27  3:35  Stimpack  
  27  3:52  SCV  
  27  3:53  Supply Depot  
  27  3:54  Marine  
  27  3:55  Marine  
  30  3:58  SCV  
  31  4:05  SCV  
  32  4:10  Command Center  
  32  4:13  Marine  
  32  4:16  SCV  
  35  4:17  SCV  
  35  4:27  Marine x2  
  35  4:28  SCV  
  38  4:31  Factory Reactor  
  38  4:32  Marine  
  38  4:33  Starport  
  38  4:38  Supply Depot  
  37  4:46  Marine x2  
  35  4:56  Marine  
  35  4:57  Marine  
  37  5:04  Marine x2  
  37  5:05  Engineering Bay  
  39  5:14  Marine  
  39  5:15  SCV  
  41  5:27  SCV  
  42  5:30  Engineering Bay  
  42  5:32  Supply Depot  
  42  5:39  SCV  
  42  5:40  Marine x2  
  45  5:43  SCV  
  45  5:45  Medivac  
  45  5:48  Factory Reactor  
  49  5:51  SCV, Orbital Command  
  49  5:55  Combat Shield, SCV  
  50  6:00  Terran Infantry Weapons Level 1  
  50  6:04  SCV, Supply Depot  
  51  6:07  SCV  
  51  6:11  Medivac  
  54  6:16  SCV, Refinery  
  55  6:19  Barracks Tech Lab  
  55  6:20  SCV  
  55  6:23  Barracks  
  56  6:27  Barracks  
  56  6:33  Medivac  
  56  6:35  SCV  
  56  6:36  Barracks, Factory Tech Lab  
  59  6:42  Marine x4  
  59  6:46  Supply Depot  
  63  6:47  SCV  
  63  6:48  Terran Infantry Armor Level 1  
  63  6:53  Refinery  
  64  7:00  Marine x2, Marauder  
  64  7:01  Marauder  
  70  7:10  SCV  
  71  7:16  Supply Depot, Barracks Reactor  
  71  7:17  Marine  
  71  7:19  Supply Depot  
  71  7:20  Concussive Shells  
  71  7:21  Marine x2  
  71  7:22  Marauder x2  
  78  7:24  SCV  
  79  7:30  Armory  
  79  7:34  Marine  
  80  7:43  Marauder  
  74  8:03  Engineering Bay  
  74  8:06  Supply Depot  
  74  8:07  SCV, Supply Depot  
  74  8:09  Marine, Marauder x2  
  69  8:32  Marine x4, Marauder  
  69  8:33  Marine x4  
  76  8:42  Medivac x2, Orbital Command  
  80  8:50  Marine x2  
  80  8:51  Marauder  
  80  8:55  Marine x4, Marauder  
  87  9:01  Barracks Tech Lab  
  87  9:02  Barracks  
  88  9:13  Marine x2  
  88  9:14  Marine, Marauder  
  93  9:22  Marine  
  93  9:23  Marine, Marauder x2  
  99  9:28  Missile Turret  
  99  9:30  Missile Turret  
  99  9:34  Marine  
  99  9:35  Marauder  
  102  9:45  SCV x3  
  105  9:50  Marauder x2  
  109  10:06  Supply Depot  
  109  10:09  Supply Depot  
  109  10:13  SCV  
Tags
 
Add a new tag
Caveats
  • Supply blocks, unpowered buildings, or Contaminate may cause inaccurate times.
  • Supply counts are checked every 10 seconds.